 Dungeon Crawl Stone Soup version 0.19-a0-994-g3c636f0 (webtiles) character file.

293 4thArraOfDagon the Chopper (level 6, 0/56 HPs)
             Began as a Minotaur Berserker on July 17, 2016.
             Was a Believer of Trog.
             Slain by an orc
             ... wielding a +0 trident
              (6 damage)
             ... on level 6 of the Dungeon.
             The game lasted 00:02:00 (340 turns).

4thArraOfDagon the Chopper (Minotaur Berserker)      Turns: 340, Time: 00:02:01

Health: 0/56       AC:  2    Str: 21    XL:     6   Next: 11%
Magic:  5/5        EV: 12    Int:  6    God:    Trog [**....]
Gold:   38         SH:  0    Dex: 10    Spells: 0 memorised, 5 levels left

rFire  . . .     SeeInvis .     a - +0 hand axe
rCold  . . .     Gourm    .     b - +0 animal skin
rNeg   . . .     Faith    .     (no shield)
rPois  .         Spirit   .     (helmet restricted)
rElec  .         Dismiss  .     (no cloak)
rCorr  .         Reflect  .     (no gloves)
SustAt .         Harm     .     (no boots)
MR     +++..                    (no amulet)
Stlth  +.........               (no ring)
                                g - ring of flight

@: lethally poisoned (0 -> 0), exhausted, regenerating, slowed, very slow,
extremely resistant to hostile enchantments, very unstealthy
A: retaliatory headbutt, horns 2, talons 1, clever 1, magic resistance 1, weak
1, subdued magic 1, MP-powered wands
a: Berserk, Trog's Hand, Burn Spellbooks, Renounce Religion, Evoke Flight


You were on level 6 of the Dungeon.
You worshipped Trog.
Trog was pleased with you.
You were very hungry.

You visited 1 branch of the dungeon, and saw 5 of its levels.

You collected 38 gold pieces.

Inventory:

Hand Weapons
 a - a +0 hand axe (weapon)
 i - a cursed -2 trident
Armour
 b - a +0 animal skin (worn)
Jewellery
 g - a ring of flight (left hand)
Scrolls
 d - a scroll of noise {unknown}
Potions
 h - 2 potions of flight {unknown}
Comestibles
 c - 2 bread rations
 f - a meat ration


   Skills:
 + Level 5.1 Fighting
 * Level 6.4 Axes
 + Level 4.3 Armour
 - Level 2.1 Dodging


You had 5 spell levels left.
You didn't know any spells.

Dungeon Overview and Level Annotations

Branches:
Dungeon (6/15)
 Temple: D:4-7

Altars:
Dithmenos
Makhleb


Innate Abilities, Weirdness & Mutations

You reflexively headbutt those who attack you in melee.
You have a pair of horns on your head.
You have sharp toenails.
Your mind is acute. (Int +2)
You are resistant to hostile enchantments. (MR+)
You are weak. (Str -2)
Your spells are a little easier to cast, but a little less powerful.
You expend magic power (3 MP) to strengthen your wands.


Message History

The worker ant bites you.
* * * LOW HITPOINT WARNING * * *
You are poisoned.
The worker ant poisons you!
The orc wizard gestures wildly while chanting.
The orc wizard flickers and vanishes!
You feel extremely strange.
You feel your magical essence link to your wands.
You feel resistant to hostile enchantments.
You feel clever.
You feel sick. The worker ant bites you.
* * * LOW HITPOINT WARNING * * *
The worker ant bites you but does no damage.
The orc barely misses you.
Your skin crawls.
You feel resistant to hostile enchantments.
You feel somewhat more hungry.
You feel sick. The worker ant bites you.
* * * LOW HITPOINT WARNING * * *
The orc hits you from afar with a trident.
You die...

#.# #.######.# #.#
#.<......# #.#
########## #.# .. #.#
.. #.# ######.#.. #.#
###........# #.#
#########....).#
#.#####...@ao.#.#.†#.#
#...†##.#####oo....#
.. ######.##.#
#.#..### o..
...........# #......#


oo. #######.##.# #.##...# .. #.##.# #.###.o.. . #..... ... .#.## ###.### ####
.#.# . .# # You could see a worker ant and 3 orcs.

Vanquished Creatures
  An ogre (D:5)
  A giant frog (D:6)
  A jelly (D:6)
  2 hounds (D:5)
  3 gnolls (D:5)
  An adder (D:4)
  An adder skeleton (D:5)
  An orc (D:6)
  2 giant cockroaches
  A goblin (D:2)
  5 jackals
  A quokka (D:2)
  A bat (D:1)
  A giant newt (D:1)
  A kobold (D:2)
23 creatures vanquished.

Notes
Turn   | Place    | Note
-------+----------+-------------------------------------------
     0 | D:1      | 4thArraOfDagon the Minotaur Berserker began the quest for the Orb.
     0 | D:1      | Reached XP level 1. HP: 19/19 MP: 0/0
   115 | D:2      | Reached skill level 4 in Axes
   121 | D:2      | You fall through a shaft for 2 floors!
   130 | D:4      | Reached XP level 2. HP: 27/27 MP: 1/1
   158 | D:5      | Entered Level 5 of the Dungeon
   158 | D:5      | Noticed an ogre
   166 | D:5      | Found a burning altar of Makhleb.
   182 | D:5      | Found a shadowy altar of Dithmenos.
   200 | D:5      | Reached XP level 3. HP: 30/33 MP: 2/2
   204 | D:5      | Reached skill level 5 in Axes
   204 | D:5      | Reached XP level 4. HP: 33/41 MP: 3/3
   207 | D:5      | Killed an ogre
   207 | D:5      | Reached XP level 5. HP: 39/47 MP: 4/4
   270 | D:6      | Reached ** piety under Trog
   270 | D:6      | Reached skill level 5 in Fighting
   270 | D:6      | Reached skill level 6 in Axes
   324 | D:6      | Reached XP level 6. HP: 38/56 MP: 5/5
   338 | D:6      | Gained mutation: You have sharp toenails. [potion of mutation]
   338 | D:6      | Gained mutation: You are weak. (Str -2) [potion of mutation]
   338 | D:6      | Gained mutation: Your spells are a little easier to cast, but a little less powerful. [potion of mutation]
   339 | D:6      | Gained mutation: You expend magic power (3 MP) to strengthen your wands. [potion of mutation]
   339 | D:6      | Gained mutation: You are resistant to hostile enchantments. (MR+) [potion of mutation]
   339 | D:6      | Gained mutation: Your mind is acute. (Int +2) [potion of mutation]
   340 | D:6      | Slain by an orc

Vault maps used:
D:1:      dpeg_arrival_sounds_slurp
D:2:      elyvilon_altar_5
D:4:      grunt_temple_overflow_order_and_chaos_1, kiku_gazebo_pond_becter,
          cheibriados_altar_1, first_bread, minmay_misc_feat_doors,
          nicolae_ru_the_path_less_chosen
D:5:      lemuel_round_altar, lemuel_coloured_pillars_altar, basic_altar,
          nicolae_dithmenos_shadow_blocks

Skill      XL: |  1  2  3  4  5 |
---------------+----------------+-----
Axes           | 4 5 6 |  6.4
Fighting       | 4 5 |  5.1
Armour         | 3 4 |  4.3
Dodging        | |  2.1

Action                   |  1- 3 |  4- 6 || total
-------------------------+-------+-------++-------
Melee: Hand axe          |    23 |    24 ||    47
       Headbutt          |     6 |     3 ||     9
Invok: Berserk           |     2 |     2 ||     4
       Trog's Hand       |       |     2 ||     2
  Use: Potion            |       |     2 ||     2
  Eat: Pizza             |       |     1 ||     1
Armor: Animal skin       |     3 |     8 ||    11
Dodge: Dodged            |    15 |    21 ||    36
